Workbook

Sheet Presentation >

Sheet Summary
A1: =Model!$G$11 -> ABC Hotel
B2: ="Summary ($'s stated in "&IF(Model!G23=1000, "thousands", IF(Model!G23=1000000, "millions", IF(Model!G23=1000000000, "billions")))&")" -> Summary ($'s stated in millions)
F4: Proforma | G4: Proforma | H4: Proforma | I4: Proforma | J4: Proforma | K4: Proforma | L4: Proforma | M4: Proforma | N4: Proforma | O4: Proforma | P4: Proforma | Q4: Proforma | R4: Proforma | U4: Proforma
F6: Projected | U6: Projected
F7: =EOMONTH(Model!$G$19, Model!$G$24) -> 43465 | G7: =EOMONTH(F7, Model!$G$24) -> 43830 | H7: =EOMONTH(G7, Model!$G$24) -> 44196 | I7: =EOMONTH(H7, Model!$G$24) -> 44561 | J7: =EOMONTH(I7, Model!$G$24) -> 44926 | K7: =EOMONTH(J7, Model!$G$24) -> 45291 | L7: =EOMONTH(K7, Model!$G$24) -> 45657 | M7: =EOMONTH(L7, Model!$G$24) -> 46022 | N7: =EOMONTH(M7, Model!$G$24) -> 46387 | ... R7: =EOMONTH(Q7, Model!$G$24) -> 47848 | U7: Total
C9: Statistics:
C11: Property Occupancy | F11: =Model!I469 -> 0 | G11: =Model!J469 -> 0.775 | H11: =Model!K469 -> 0.775 | I11: =Model!L469 -> 0.775 | J11: =Model!M469 -> 0.775 | K11: =Model!N469 -> 0.775 | L11: =Model!O469 -> 0.775 | M11: =Model!P469 -> 0.775 | ... R11: =Model!U469 -> 0 | U11: =U68/U67 -> 0.775
C12: ADR | F12: =Model!I471 -> 0 | G12: =Model!J471 -> 204 | H12: =Model!K471 -> 208.08 | I12: =Model!L471 -> 212.2416 | J12: =Model!M471 -> 216.48643 | K12: =Model!N471 -> 220.81616 | L12: =Model!O471 -> 225.23248 | M12: =Model!P471 -> 229.73713 | ... R12: =Model!U471 -> 0 | U12: =U66*Model!G23/U68 -> 222.10757
C13: RevPar | F13: =Model!I472 -> 0 | G13: =Model!J472 -> 158.1 | H13: =Model!K472 -> 161.262 | I13: =Model!L472 -> 164.48724 | J13: =Model!M472 -> 167.77698 | K13: =Model!N472 -> 171.13252 | L13: =Model!O472 -> 174.55517 | M13: =Model!P472 -> 178.04628 | ... R13: =Model!U472 -> 0 | U13: =U66*Model!G23/U67 -> 172.13337
C15: Proforma:
C17: Total Revenue | F17: =Model!I520/Model!$G$23 -> 0 | G17: =Model!J520/Model!$G$23 -> 11.685566 | H17: =Model!K520/Model!$G$23 -> 23.903866 | I17: =Model!L520/Model!$G$23 -> 24.315326 | J17: =Model!M520/Model!$G$23 -> 24.801633 | K17: =Model!N520/Model!$G$23 -> 25.297665 | L17: =Model!O520/Model!$G$23 -> 25.874314 | M17: =Model!P520/Model!$G$23 -> 26.319691 | ... R17: =Model!U520/Model!$G$23 -> 0 | U17: =SUMIFS(E17:S17, E$4:S$4, $U$4) -> 216.42715
C18: Total Departmental Expenses | F18: =Model!I528/Model!$G$23 -> 0 | G18: =Model!J528/Model!$G$23 -> -4.6958664 | H18: =Model!K528/Model!$G$23 -> -9.6058129 | I18: =Model!L528/Model!$G$23 -> -9.7711589 | J18: =Model!M528/Model!$G$23 -> -9.9665821 | K18: =Model!N528/Model!$G$23 -> -10.165914 | L18: =Model!O528/Model!$G$23 -> -10.397641 | M18: =Model!P528/Model!$G$23 -> -10.576617 | ... R18: =Model!U528/Model!$G$23 -> 0 | U18: =SUMIFS(E18:S18, E$4:S$4, $U$4) -> -86.971652
C19: Total Undstributed Expenses | F19: =Model!I542/Model!$G$23 -> 0 | G19: =Model!J542/Model!$G$23 -> -3.4522192 | H19: =Model!K542/Model!$G$23 -> -7.0618218 | I19: =Model!L542/Model!$G$23 -> -7.1833778 | J19: =Model!M542/Model!$G$23 -> -7.3270453 | K19: =Model!N542/Model!$G$23 -> -7.4735862 | L19: =Model!O542/Model!$G$23 -> -7.643943 | M19: =Model!P542/Model!$G$23 -> -7.7755191 | ... R19: =Model!U542/Model!$G$23 -> 0 | U19: =SUMIFS(E19:S19, E$4:S$4, $U$4) -> -63.938192
C20: Total Fixed Expenses | F20: =Model!I550/Model!$G$23 -> 0 | G20: =Model!J550/Model!$G$23 -> -0.54315 | H20: =Model!K550/Model!$G$23 -> -1.108026 | I20: =Model!L550/Model!$G$23 -> -1.1301865 | J20: =Model!M550/Model!$G$23 -> -1.1527903 | K20: =Model!N550/Model!$G$23 -> -1.1758461 | L20: =Model!O550/Model!$G$23 -> -1.199363 | M20: =Model!P550/Model!$G$23 -> -1.2233502 | ... R20: =Model!U550/Model!$G$23 -> 0 | U20: =SUMIFS(E20:S20, E$4:S$4, $U$4) -> -10.053303
C22: Net Operating Income (NOI) | F22: =Model!I552/Model!$G$23 -> 0 | G22: =Model!J552/Model!$G$23 -> 2.9943306 | H22: =Model!K552/Model!$G$23 -> 6.1282055 | I22: =Model!L552/Model!$G$23 -> 6.2306031 | J22: =Model!M552/Model!$G$23 -> 6.3552151 | K22: =Model!N552/Model!$G$23 -> 6.4823194 | L22: =Model!O552/Model!$G$23 -> 6.6333667 | M22: =Model!P552/Model!$G$23 -> 6.7442051 | ... R22: =Model!U552/Model!$G$23 -> 0 | U22: =SUMIFS(E22:S22, E$4:S$4, $U$4) -> 55.464006
C24: Contributed Equity | F24: =Model!I556/Model!$G$23 -> 21.153003 | G24: =Model!J556/Model!$G$23 -> 0 | H24: =Model!K556/Model!$G$23 -> 0 | I24: =Model!L556/Model!$G$23 -> 0 | J24: =Model!M556/Model!$G$23 -> 0 | K24: =Model!N556/Model!$G$23 -> 0 | L24: =Model!O556/Model!$G$23 -> 0 | M24: =Model!P556/Model!$G$23 -> 0 | ... R24: =Model!U556/Model!$G$23 -> 0 | U24: =SUMIFS(E24:S24, E$4:S$4, $U$4) -> 21.153003
C25: Capital Expenditures | F25: =SUM(Model!I559, Model!I560)/Model!$G$23 -> -45.429 | G25: =SUM(Model!J559, Model!J560)/Model!$G$23 -> -21.9345 | H25: =SUM(Model!K559, Model!K560)/Model!$G$23 -> 0 | I25: =SUM(Model!L559, Model!L560)/Model!$G$23 -> 0 | J25: =SUM(Model!M559, Model!M560)/Model!$G$23 -> 0 | K25: =SUM(Model!N559, Model!N560)/Model!$G$23 -> 0 | L25: =SUM(Model!O559, Model!O560)/Model!$G$23 -> 0 | M25: =SUM(Model!P559, Model!P560)/Model!$G$23 -> 0 | ... R25: =SUM(Model!U559, Model!U560)/Model!$G$23 -> 0 | U25: =SUMIFS(E25:S25, E$4:S$4, $U$4) -> -67.3635
C26: Interest Expense | F26: =SUM(Model!I561, Model!I565)/Model!$G$23 -> -1.2339252 | G26: =SUM(Model!J561, Model!J565)/Model!$G$23 -> -1.8473885 | H26: =SUM(Model!K561, Model!K565)/Model!$G$23 -> -1.8182441 | I26: =SUM(Model!L561, Model!L565)/Model!$G$23 -> -1.782965 | J26: =SUM(Model!M561, Model!M565)/Model!$G$23 -> -1.7463399 | K26: =SUM(Model!N561, Model!N565)/Model!$G$23 -> -1.7083176 | L26: =SUM(Model!O561, Model!O565)/Model!$G$23 -> -1.6688446 | M26: =SUM(Model!P561, Model!P565)/Model!$G$23 -> -1.6278657 | ... R26: =SUM(Model!U561, Model!U565)/Model!$G$23 -> 0 | U26: =SUMIFS(E26:S26, E$4:S$4, $U$4) -> -16.560372
C27: Net Debt | F27: =SUM(Model!I557, Model!I558, Model!I562, Model!I563, Model!I564, Model!I566)/Model!$G$23 -> 32.164316 | G27: =SUM(Model!J557, Model!J558, Model!J562, Model!J563, Model!J564, Model!J566)/Model!$G$23 -> 15.756015 | H27: =SUM(Model!K557, Model!K558, Model!K562, Model!K563, Model!K564, Model!K566)/Model!$G$23 -> -0.92471585 | I27: =SUM(Model!L557, Model!L558, Model!L562, Model!L563, Model!L564, Model!L566)/Model!$G$23 -> -0.95999496 | J27: =SUM(Model!M557, Model!M558, Model!M562, Model!M563, Model!M564, Model!M566)/Model!$G$23 -> -0.99662 | K27: =SUM(Model!N557, Model!N558, Model!N562, Model!N563, Model!N564, Model!N566)/Model!$G$23 -> -1.0346423 | L27: =SUM(Model!O557, Model!O558, Model!O562, Model!O563, Model!O564, Model!O566)/Model!$G$23 -> -1.0741153 | M27: =SUM(Model!P557, Model!P558, Model!P562, Model!P563, Model!P564, Model!P566)/Model!$G$23 -> -1.1150942 | ... R27: =SUM(Model!U557, Model!U558, Model!U562, Model!U563, Model!U564, Model!U566)/Model!$G$23 -> 0 | U27: =SUMIFS(E27:S27, E$4:S$4, $U$4) -> -0.98714013
C28: Sale of Property (Net of Costs) | F28: =SUM(Model!I567, Model!I568)/Model!$G$23 -> 0 | G28: =SUM(Model!J567, Model!J568)/Model!$G$23 -> 0 | H28: =SUM(Model!K567, Model!K568)/Model!$G$23 -> 0 | I28: =SUM(Model!L567, Model!L568)/Model!$G$23 -> 0 | J28: =SUM(Model!M567, Model!M568)/Model!$G$23 -> 0 | K28: =SUM(Model!N567, Model!N568)/Model!$G$23 -> 0 | L28: =SUM(Model!O567, Model!O568)/Model!$G$23 -> 0 | M28: =SUM(Model!P567, Model!P568)/Model!$G$23 -> 0 | ... R28: =SUM(Model!U567, Model!U568)/Model!$G$23 -> 0 | U28: =SUMIFS(E28:S28, E$4:S$4, $U$4) -> 67.360042
C30: Net Cash Flows to Project | F30: =Model!I573/Model!$G$23 -> 6.6543934 | G30: =Model!J573/Model!$G$23 -> -5.0315428 | H30: =Model!K573/Model!$G$23 -> 3.3852456 | I30: =Model!L573/Model!$G$23 -> 3.4876432 | J30: =Model!M573/Model!$G$23 -> 3.6122552 | K30: =Model!N573/Model!$G$23 -> 3.7393595 | L30: =Model!O573/Model!$G$23 -> 3.8904068 | M30: =Model!P573/Model!$G$23 -> 4.0012452 | ... R30: =Model!U573/Model!$G$23 -> 0 | U30: =SUMIFS(E30:S30, E$4:S$4, $U$4) -> 3.5825565e-11
C32: Net Cash Flows to Equity | F32: =Model!I575/Model!$G$23 -> -14.498609 | G32: =Model!J575/Model!$G$23 -> -5.0315428 | H32: =Model!K575/Model!$G$23 -> 3.3852456 | I32: =Model!L575/Model!$G$23 -> 3.4876432 | J32: =Model!M575/Model!$G$23 -> 3.6122552 | K32: =Model!N575/Model!$G$23 -> 3.7393595 | L32: =Model!O575/Model!$G$23 -> 3.8904068 | M32: =Model!P575/Model!$G$23 -> 4.0012452 | ... R32: =Model!U575/Model!$G$23 -> 0 | U32: =SUMIFS(E32:S32, E$4:S$4, $U$4) -> 37.913036
C36: Return on Investment Metrics | F36: ="Unlev. NPV ("&FIXED(Model!$G$609*100, 2, FALSE)&"%)" -> Unlev. NPV (8.00%) | G36: ="Lev. NPV ("&FIXED(Model!$G$605*100, 2, FALSE)&"%)" -> Lev. NPV (8.00%) | H36: Unlev. IRR | I36: Lev. IRR | J36: CoC Multiple (Lev.)
C38: Low Scenario | F38: =Model!AC638/Model!$G$23 -> -16.62828 | G38: =Model!AD638/Model!$G$23 -> -8.0121942 | H38: =Model!AE638 -> 0.031386077 | I38: =Model!AF638 -> -0.013634319 | J38: =Model!AG638 -> -0.07730629
C39: Base Scenario | F39: =Model!AC639/Model!$G$23 -> 4.9588848 | G39: =Model!AD639/Model!$G$23 -> 13.275616 | H39: =Model!AE639 -> 0.093123183 | I39: =Model!AF639 -> 0.18125518 | J39: =Model!AG639 -> 1.7923241
C40: High Scenario | F40: =Model!AC640/Model!$G$23 -> 30.693529 | G40: =Model!AD640/Model!$G$23 -> 38.687184 | H40: =Model!AE640 -> 0.15397782 | I40: =Model!AF640 -> 0.31765315 | J40: =Model!AG640 -> 4.269596
C44: Sources of Funds:
C46: Debt (Net of Issuance Costs) | F46: =Model!F35/Model!$G$23 -> 49.357006 | G46: =Model!G35 -> 0.7
C47: Contributed Equity | F47: =Model!F36/Model!$G$23 -> 21.153003 | G47: =Model!G36 -> 0.3
C49: Total Sources | F49: =Model!F38/Model!$G$23 -> 70.510009 | G49: =Model!G38 -> 1
C51: Uses of Funds:
C53: Land Acquisition Costs | F53: =Model!F42/Model!$G$23 -> -1.56 | G53: =Model!G42 -> 0.022124518
C54: Construction Costs | F54: =Model!F43/Model!$G$23 -> -67.962869 | G54: =Model!G43 -> 0.96387548
C55: Loan Issuance Fees | F55: =Model!F44/Model!$G$23 -> -0.98714013 | G55: =Model!G44 -> 0.014
C57: Total Uses | F57: =Model!F46/Model!$G$23 -> -70.510009 | G57: =Model!G46 -> 1
C62: Math Check | F62: =(F22-SUM(F16:F21))+(F30-SUM(F23:F29)-F22) -> 1.7763568e-15 | G62: =(G22-SUM(G16:G21))+(G30-SUM(G23:G29)-G22) -> -3.5527137e-15 | H62: =(H22-SUM(H16:H21))+(H30-SUM(H23:H29)-H22) -> 0 | I62: =(I22-SUM(I16:I21))+(I30-SUM(I23:I29)-I22) -> 0 | J62: =(J22-SUM(J16:J21))+(J30-SUM(J23:J29)-J22) -> 0 | K62: =(K22-SUM(K16:K21))+(K30-SUM(K23:K29)-K22) -> 0 | L62: =(L22-SUM(L16:L21))+(L30-SUM(L23:L29)-L22) -> 1.7763568e-15 | M62: =(M22-SUM(M16:M21))+(M30-SUM(M23:M29)-M22) -> 0 | ... R62: =(R22-SUM(R16:R21))+(R30-SUM(R23:R29)-R22) -> 0 | U62: =(U22-SUM(U16:U21))+(U30-SUM(U23:U29)-U22) -> -59.066038
C64: Date | F64: =F7 -> 43465 | G64: =G7 -> 43830 | H64: =H7 -> 44196 | I64: =I7 -> 44561 | J64: =J7 -> 44926 | K64: =K7 -> 45291 | L64: =L7 -> 45657 | M64: =M7 -> 46022 | ... R64: =R7 -> 47848
C66: Rooms Revenue | F66: =Model!I516/Model!$G$23 -> 0 | G66: =Model!J516/Model!$G$23 -> 8.655975 | H66: =Model!K516/Model!$G$23 -> 17.706568 | I66: =Model!L516/Model!$G$23 -> 18.011353 | J66: =Model!M516/Model!$G$23 -> 18.37158 | K66: =Model!N516/Model!$G$23 -> 18.739011 | L66: =Model!O516/Model!$G$23 -> 19.166158 | M66: =Model!P516/Model!$G$23 -> 19.496067 | ... R66: =Model!U516/Model!$G$23 -> 0 | S66: =Model!U516 -> 0 | T66: =Model!V516 -> 0 | U66: =SUMIFS(E66:S66, E$4:S$4, $U$4) -> 160.31641
C67: Room Nights Available | F67: =Model!I468 -> 0 | G67: =Model!J468 -> 54750 | H67: =Model!K468 -> 109800 | I67: =Model!L468 -> 109500 | J67: =Model!M468 -> 109500 | K67: =Model!N468 -> 109500 | L67: =Model!O468 -> 109800 | M67: =Model!P468 -> 109500 | ... R67: =Model!U468 -> 0 | U67: =SUMIFS(E67:S67, E$4:S$4, $U$4) -> 931350
C68: Room Nights Occupied | F68: =Model!I470 -> 0 | G68: =Model!J470 -> 42431.25 | H68: =Model!K470 -> 85095 | I68: =Model!L470 -> 84862.5 | J68: =Model!M470 -> 84862.5 | K68: =Model!N470 -> 84862.5 | L68: =Model!O470 -> 85095 | M68: =Model!P470 -> 84862.5 | ... R68: =Model!U470 -> 0 | U68: =SUMIFS(E68:S68, E$4:S$4, $U$4) -> 721796.25

Sheet Pro Forma
A1: =Model!$G$11 -> ABC Hotel
B2: ="Pro Forma ($'s stated in "&IF(Model!G23=1000, "thousands", IF(Model!G23=1000000, "millions", IF(Model!G23=1000000000, "billions")))&")" -> Pro Forma ($'s stated in millions)
G4: Proforma | H4: Proforma | I4: Proforma | J4: Proforma | K4: Proforma | L4: Proforma | M4: Proforma | N4: Proforma | O4: Proforma | P4: Proforma | Q4: Proforma | R4: Proforma | S4: Proforma | W4: Proforma
G6: Projected
G7: =EOMONTH(Model!$G$19, Model!$G$24) -> 43465 | H7: =EOMONTH(G7, Model!$G$24) -> 43830 | I7: =EOMONTH(H7, Model!$G$24) -> 44196 | J7: =EOMONTH(I7, Model!$G$24) -> 44561 | K7: =EOMONTH(J7, Model!$G$24) -> 44926 | L7: =EOMONTH(K7, Model!$G$24) -> 45291 | M7: =EOMONTH(L7, Model!$G$24) -> 45657 | N7: =EOMONTH(M7, Model!$G$24) -> 46022 | O7: =EOMONTH(N7, Model!$G$24) -> 46387 | ... S7: =EOMONTH(R7, Model!$G$24) -> 47848 | W7: Total
C9: Statistics:
C11: Room Nights Available | G11: =Model!I468 -> 0 | H11: =Model!J468 -> 54750 | I11: =Model!K468 -> 109800 | J11: =Model!L468 -> 109500 | K11: =Model!M468 -> 109500 | L11: =Model!N468 -> 109500 | M11: =Model!O468 -> 109800 | N11: =Model!P468 -> 109500 | ... S11: =Model!U468 -> 0 | W11: =SUM(F11:T11) -> 931350
C12: Property Occupancy | G12: =Model!I469 -> 0 | H12: =Model!J469 -> 0.775 | I12: =Model!K469 -> 0.775 | J12: =Model!L469 -> 0.775 | K12: =Model!M469 -> 0.775 | L12: =Model!N469 -> 0.775 | M12: =Model!O469 -> 0.775 | N12: =Model!P469 -> 0.775 | ... S12: =Model!U469 -> 0 | W12: =W13/W11 -> 0.775
C13: Room Nights Occupied | G13: =Model!I470 -> 0 | H13: =Model!J470 -> 42431.25 | I13: =Model!K470 -> 85095 | J13: =Model!L470 -> 84862.5 | K13: =Model!M470 -> 84862.5 | L13: =Model!N470 -> 84862.5 | M13: =Model!O470 -> 85095 | N13: =Model!P470 -> 84862.5 | ... S13: =Model!U470 -> 0 | W13: =SUM(F13:T13) -> 721796.25
C14: ADR | G14: =Model!I471 -> 0 | H14: =Model!J471 -> 204 | I14: =Model!K471 -> 208.08 | J14: =Model!L471 -> 212.2416 | K14: =Model!M471 -> 216.48643 | L14: =Model!N471 -> 220.81616 | M14: =Model!O471 -> 225.23248 | N14: =Model!P471 -> 229.73713 | ... S14: =Model!U471 -> 0 | W14: =W19*Model!G23/W13 -> 222.10757
C15: RevPar | G15: =Model!I472 -> 0 | H15: =Model!J472 -> 158.1 | I15: =Model!K472 -> 161.262 | J15: =Model!L472 -> 164.48724 | K15: =Model!M472 -> 167.77698 | L15: =Model!N472 -> 171.13252 | M15: =Model!O472 -> 174.55517 | N15: =Model!P472 -> 178.04628 | ... S15: =Model!U472 -> 0 | W15: =W19*Model!G23/W11 -> 172.13337
C17: Revenues:
C19: Rooms | G19: =Model!I516/Model!$G$23 -> 0 | H19: =Model!J516/Model!$G$23 -> 8.655975 | I19: =Model!K516/Model!$G$23 -> 17.706568 | J19: =Model!L516/Model!$G$23 -> 18.011353 | K19: =Model!M516/Model!$G$23 -> 18.37158 | L19: =Model!N516/Model!$G$23 -> 18.739011 | M19: =Model!O516/Model!$G$23 -> 19.166158 | N19: =Model!P516/Model!$G$23 -> 19.496067 | ... S19: =Model!U516/Model!$G$23 -> 0 | W19: =SUMIFS(F19:T19, F$4:T$4, W$4) -> 160.31641
C20: Food & Beverage | G20: =Model!I517/Model!$G$23 -> 0 | H20: =Model!J517/Model!$G$23 -> 2.1639937 | I20: =Model!K517/Model!$G$23 -> 4.4266419 | J20: =Model!L517/Model!$G$23 -> 4.5028382 | K20: =Model!M517/Model!$G$23 -> 4.592895 | L20: =Model!N517/Model!$G$23 -> 4.6847529 | M20: =Model!O517/Model!$G$23 -> 4.7915396 | N20: =Model!P517/Model!$G$23 -> 4.8740169 | ... S20: =Model!U517/Model!$G$23 -> 0 | W20: =SUMIFS(F20:T20, F$4:T$4, W$4) -> 40.079102
C21: Other | G21: =Model!I518/Model!$G$23 -> 0 | H21: =Model!J518/Model!$G$23 -> 0.8655975 | I21: =Model!K518/Model!$G$23 -> 1.7706568 | J21: =Model!L518/Model!$G$23 -> 1.8011353 | K21: =Model!M518/Model!$G$23 -> 1.837158 | L21: =Model!N518/Model!$G$23 -> 1.8739011 | M21: =Model!O518/Model!$G$23 -> 1.9166158 | N21: =Model!P518/Model!$G$23 -> 1.9496067 | ... S21: =Model!U518/Model!$G$23 -> 0 | W21: =SUMIFS(F21:T21, F$4:T$4, W$4) -> 16.031641
C23: Total Revenue | G23: =Model!I520/Model!$G$23 -> 0 | H23: =Model!J520/Model!$G$23 -> 11.685566 | I23: =Model!K520/Model!$G$23 -> 23.903866 | J23: =Model!L520/Model!$G$23 -> 24.315326 | K23: =Model!M520/Model!$G$23 -> 24.801633 | L23: =Model!N520/Model!$G$23 -> 25.297665 | M23: =Model!O520/Model!$G$23 -> 25.874314 | N23: =Model!P520/Model!$G$23 -> 26.319691 | ... S23: =Model!U520/Model!$G$23 -> 0 | W23: =SUMIFS(F23:T23, F$4:T$4, W$4) -> 216.42715
C25: Departmental Expenses:
C27: Room Operating Expenses | G27: =Model!I524/Model!$G$23 -> 0 | H27: =Model!J524/Model!$G$23 -> -2.3803931 | I27: =Model!K524/Model!$G$23 -> -4.8693061 | J27: =Model!L524/Model!$G$23 -> -4.953122 | K27: =Model!M524/Model!$G$23 -> -5.0521845 | L27: =Model!N524/Model!$G$23 -> -5.1532281 | M27: =Model!O524/Model!$G$23 -> -5.2706935 | N27: =Model!P524/Model!$G$23 -> -5.3614186 | ... S27: =Model!U524/Model!$G$23 -> 0 | W27: =SUMIFS(F27:T27, F$4:T$4, W$4) -> -44.087013
C28: Food & Beverage | G28: =Model!I525/Model!$G$23 -> 0 | H28: =Model!J525/Model!$G$23 -> -1.5147956 | I28: =Model!K525/Model!$G$23 -> -3.0986493 | J28: =Model!L525/Model!$G$23 -> -3.1519867 | K28: =Model!M525/Model!$G$23 -> -3.2150265 | L28: =Model!N525/Model!$G$23 -> -3.279327 | M28: =Model!O525/Model!$G$23 -> -3.3540777 | N28: =Model!P525/Model!$G$23 -> -3.4118118 | ... S28: =Model!U525/Model!$G$23 -> 0 | W28: =SUMIFS(F28:T28, F$4:T$4, W$4) -> -28.055372
C29: Other | G29: =Model!I526/Model!$G$23 -> 0 | H29: =Model!J526/Model!$G$23 -> -0.80067769 | I29: =Model!K526/Model!$G$23 -> -1.6378575 | J29: =Model!L526/Model!$G$23 -> -1.6660501 | K29: =Model!M526/Model!$G$23 -> -1.6993711 | L29: =Model!N526/Model!$G$23 -> -1.7333586 | M29: =Model!O526/Model!$G$23 -> -1.7728696 | N29: =Model!P526/Model!$G$23 -> -1.8033862 | ... S29: =Model!U526/Model!$G$23 -> 0 | W29: =SUMIFS(F29:T29, F$4:T$4, W$4) -> -14.829268
C31: Total Departmental Expenses | G31: =Model!I528/Model!$G$23 -> 0 | H31: =Model!J528/Model!$G$23 -> -4.6958664 | I31: =Model!K528/Model!$G$23 -> -9.6058129 | J31: =Model!L528/Model!$G$23 -> -9.7711589 | K31: =Model!M528/Model!$G$23 -> -9.9665821 | L31: =Model!N528/Model!$G$23 -> -10.165914 | M31: =Model!O528/Model!$G$23 -> -10.397641 | N31: =Model!P528/Model!$G$23 -> -10.576617 | ... S31: =Model!U528/Model!$G$23 -> 0 | W31: =SUMIFS(F31:T31, F$4:T$4, W$4) -> -86.971652
C33: Gross Operating Income | G33: =SUM(G23, G31) -> 0 | H33: =SUM(H23, H31) -> 6.9896998 | I33: =SUM(I23, I31) -> 14.298053 | J33: =SUM(J23, J31) -> 14.544167 | K33: =SUM(K23, K31) -> 14.835051 | L33: =SUM(L23, L31) -> 15.131752 | M33: =SUM(M23, M31) -> 15.476673 | N33: =SUM(N23, N31) -> 15.743075 | ... S33: =SUM(S23, S31) -> 0 | W33: =SUMIFS(F33:T33, F$4:T$4, W$4) -> 129.4555
C35: Undistributed Expenses
C37: Administrative & General | G37: =Model!I534/Model!$G$23 -> 0 | H37: =Model!J534/Model!$G$23 -> -0.61933501 | I37: =Model!K534/Model!$G$23 -> -1.2669049 | J37: =Model!L534/Model!$G$23 -> -1.2887123 | K37: =Model!M534/Model!$G$23 -> -1.3144865 | L37: =Model!N534/Model!$G$23 -> -1.3407763 | M37: =Model!O534/Model!$G$23 -> -1.3713386 | N37: =Model!P534/Model!$G$23 -> -1.3949436 | ... S37: =Model!U534/Model!$G$23 -> 0 | W37: =SUMIFS(F37:T37, F$4:T$4, W$4) -> -11.470639
C38: Sales & Marketing | G38: =Model!I535/Model!$G$23 -> 0 | H38: =Model!J535/Model!$G$23 -> -0.57259275 | I38: =Model!K535/Model!$G$23 -> -1.1712894 | J38: =Model!L535/Model!$G$23 -> -1.191451 | K38: =Model!M535/Model!$G$23 -> -1.21528 | L38: =Model!N535/Model!$G$23 -> -1.2395856 | M38: =Model!O535/Model!$G$23 -> -1.2678414 | N38: =Model!P535/Model!$G$23 -> -1.2896649 | ... S38: =Model!U535/Model!$G$23 -> 0 | W38: =SUMIFS(F38:T38, F$4:T$4, W$4) -> -10.604931
C39: Repairs & Maintenance | G39: =Model!I536/Model!$G$23 -> 0 | H39: =Model!J536/Model!$G$23 -> -0.58427831 | I39: =Model!K536/Model!$G$23 -> -1.1951933 | J39: =Model!L536/Model!$G$23 -> -1.2157663 | K39: =Model!M536/Model!$G$23 -> -1.2400816 | L39: =Model!N536/Model!$G$23 -> -1.2648833 | M39: =Model!O536/Model!$G$23 -> -1.2937157 | N39: =Model!P536/Model!$G$23 -> -1.3159846 | ... S39: =Model!U536/Model!$G$23 -> 0 | W39: =SUMIFS(F39:T39, F$4:T$4, W$4) -> -10.821358
C40: Franchise Fee | G40: =Model!I537/Model!$G$23 -> 0 | H40: =Model!J537/Model!$G$23 -> -0.64270614 | I40: =Model!K537/Model!$G$23 -> -1.3147126 | J40: =Model!L537/Model!$G$23 -> -1.3373429 | K40: =Model!M537/Model!$G$23 -> -1.3640898 | L40: =Model!N537/Model!$G$23 -> -1.3913716 | M40: =Model!O537/Model!$G$23 -> -1.4230872 | N40: =Model!P537/Model!$G$23 -> -1.447583 | ... S40: =Model!U537/Model!$G$23 -> 0 | W40: =SUMIFS(F40:T40, F$4:T$4, W$4) -> -11.903493
C41: Utilities | G41: =Model!I538/Model!$G$23 -> 0 | H41: =Model!J538/Model!$G$23 -> -0.30295912 | I41: =Model!K538/Model!$G$23 -> -0.61972987 | J41: =Model!L538/Model!$G$23 -> -0.63039735 | K41: =Model!M538/Model!$G$23 -> -0.64300529 | L41: =Model!N538/Model!$G$23 -> -0.6558654 | M41: =Model!O538/Model!$G$23 -> -0.67081554 | N41: =Model!P538/Model!$G$23 -> -0.68236236 | ... S41: =Model!U538/Model!$G$23 -> 0 | W41: =SUMIFS(F41:T41, F$4:T$4, W$4) -> -5.6110743
C42: Other | G42: =Model!I540/Model!$G$23 -> 0 | H42: =Model!J540/Model!$G$23 -> -0.35056699 | I42: =Model!K540/Model!$G$23 -> -0.71711599 | J42: =Model!L540/Model!$G$23 -> -0.72945979 | K42: =Model!M540/Model!$G$23 -> -0.74404898 | L42: =Model!N540/Model!$G$23 -> -0.75892996 | M42: =Model!O540/Model!$G$23 -> -0.77622941 | N42: =Model!P540/Model!$G$23 -> -0.78959073 | ... S42: =Model!U540/Model!$G$23 -> 0 | W42: =SUMIFS(F42:T42, F$4:T$4, W$4) -> -6.4928146
C44: Total Undistributed Expenses | G44: =Model!I542/Model!$G$23 -> 0 | H44: =Model!J542/Model!$G$23 -> -3.4522192 | I44: =Model!K542/Model!$G$23 -> -7.0618218 | J44: =Model!L542/Model!$G$23 -> -7.1833778 | K44: =Model!M542/Model!$G$23 -> -7.3270453 | L44: =Model!N542/Model!$G$23 -> -7.4735862 | M44: =Model!O542/Model!$G$23 -> -7.643943 | N44: =Model!P542/Model!$G$23 -> -7.7755191 | ... S44: =Model!U542/Model!$G$23 -> 0 | W44: =SUMIFS(F44:T44, F$4:T$4, W$4) -> -63.938192
C46: Fixed Expenses:
C48: Insurance | G48: =Model!I546/Model!$G$23 -> 0 | H48: =Model!J546/Model!$G$23 -> -0.2295 | I48: =Model!K546/Model!$G$23 -> -0.46818 | J48: =Model!L546/Model!$G$23 -> -0.4775436 | K48: =Model!M546/Model!$G$23 -> -0.48709447 | L48: =Model!N546/Model!$G$23 -> -0.49683636 | M48: =Model!O546/Model!$G$23 -> -0.50677309 | N48: =Model!P546/Model!$G$23 -> -0.51690855 | ... S48: =Model!U546/Model!$G$23 -> 0 | W48: =SUMIFS(F48:T48, F$4:T$4, W$4) -> -4.2478744
C49: Property Taxes | G49: =Model!I547/Model!$G$23 -> 0 | H49: =Model!J547/Model!$G$23 -> -0.00765 | I49: =Model!K547/Model!$G$23 -> -0.015606 | J49: =Model!L547/Model!$G$23 -> -0.01591812 | K49: =Model!M547/Model!$G$23 -> -0.016236482 | L49: =Model!N547/Model!$G$23 -> -0.016561212 | M49: =Model!O547/Model!$G$23 -> -0.016892436 | N49: =Model!P547/Model!$G$23 -> -0.017230285 | ... S49: =Model!U547/Model!$G$23 -> 0 | W49: =SUMIFS(F49:T49, F$4:T$4, W$4) -> -0.14159581
C50: FF&E Reserves | G50: =Model!I548/Model!$G$23 -> 0 | H50: =Model!J548/Model!$G$23 -> -0.306 | I50: =Model!K548/Model!$G$23 -> -0.62424 | J50: =Model!L548/Model!$G$23 -> -0.6367248 | K50: =Model!M548/Model!$G$23 -> -0.6494593 | L50: =Model!N548/Model!$G$23 -> -0.66244848 | M50: =Model!O548/Model!$G$23 -> -0.67569745 | N50: =Model!P548/Model!$G$23 -> -0.6892114 | ... S50: =Model!U548/Model!$G$23 -> 0 | W50: =SUMIFS(F50:T50, F$4:T$4, W$4) -> -5.6638326
C51: Ground Lease | G51: =Model!I539/Model!$G$23 -> 0 | H51: =Model!J539/Model!$G$23 -> -0.3797809 | I51: =Model!K539/Model!$G$23 -> -0.77687565 | J51: =Model!L539/Model!$G$23 -> -0.7902481 | K51: =Model!M539/Model!$G$23 -> -0.80605307 | L51: =Model!N539/Model!$G$23 -> -0.82217413 | M51: =Model!O539/Model!$G$23 -> -0.84091519 | N51: =Model!P539/Model!$G$23 -> -0.85538996 | ... S51: =Model!U539/Model!$G$23 -> 0 | W51: =SUMIFS(F51:T51, F$4:T$4, W$4) -> -7.0338825
C52: Management Fee | G52: =Model!I549/Model!$G$23 -> 0 | H52: =Model!J549/Model!$G$23 -> 0 | I52: =Model!K549/Model!$G$23 -> 0 | J52: =Model!L549/Model!$G$23 -> 0 | K52: =Model!M549/Model!$G$23 -> 0 | L52: =Model!N549/Model!$G$23 -> 0 | M52: =Model!O549/Model!$G$23 -> 0 | N52: =Model!P549/Model!$G$23 -> 0 | ... S52: =Model!U549/Model!$G$23 -> 0 | W52: =SUMIFS(F52:T52, F$4:T$4, W$4) -> 0
C54: Total Fixed Expenses | G54: =Model!I550/Model!$G$23 -> 0 | H54: =Model!J550/Model!$G$23 -> -0.54315 | I54: =Model!K550/Model!$G$23 -> -1.108026 | J54: =Model!L550/Model!$G$23 -> -1.1301865 | K54: =Model!M550/Model!$G$23 -> -1.1527903 | L54: =Model!N550/Model!$G$23 -> -1.1758461 | M54: =Model!O550/Model!$G$23 -> -1.199363 | N54: =Model!P550/Model!$G$23 -> -1.2233502 | ... S54: =Model!U550/Model!$G$23 -> 0 | W54: =SUMIFS(F54:T54, F$4:T$4, W$4) -> -10.053303
C56: Net Operating Income (NOI) | G56: =Model!I552/Model!$G$23 -> 0 | H56: =Model!J552/Model!$G$23 -> 2.9943306 | I56: =Model!K552/Model!$G$23 -> 6.1282055 | J56: =Model!L552/Model!$G$23 -> 6.2306031 | K56: =Model!M552/Model!$G$23 -> 6.3552151 | L56: =Model!N552/Model!$G$23 -> 6.4823194 | M56: =Model!O552/Model!$G$23 -> 6.6333667 | N56: =Model!P552/Model!$G$23 -> 6.7442051 | ... S56: =Model!U552/Model!$G$23 -> 0 | W56: =SUMIFS(F56:T56, F$4:T$4, W$4) -> 55.464006
C58: Investing & Financing Cash Flows:
C60: Capital Expenditures | G60: =SUM(Model!I559, Model!I560)/Model!$G$23 -> -45.429 | H60: =SUM(Model!J559, Model!J560)/Model!$G$23 -> -21.9345 | I60: =SUM(Model!K559, Model!K560)/Model!$G$23 -> 0 | J60: =SUM(Model!L559, Model!L560)/Model!$G$23 -> 0 | K60: =SUM(Model!M559, Model!M560)/Model!$G$23 -> 0 | L60: =SUM(Model!N559, Model!N560)/Model!$G$23 -> 0 | M60: =SUM(Model!O559, Model!O560)/Model!$G$23 -> 0 | N60: =SUM(Model!P559, Model!P560)/Model!$G$23 -> 0 | ... S60: =SUM(Model!U559, Model!U560)/Model!$G$23 -> 0 | W60: =SUMIFS(F60:T60, F$4:T$4, W$4) -> -67.3635
C61: Interest Expense | G61: =SUM(Model!I561, Model!I565)/Model!$G$23 -> -1.2339252 | H61: =SUM(Model!J561, Model!J565)/Model!$G$23 -> -1.8473885 | I61: =SUM(Model!K561, Model!K565)/Model!$G$23 -> -1.8182441 | J61: =SUM(Model!L561, Model!L565)/Model!$G$23 -> -1.782965 | K61: =SUM(Model!M561, Model!M565)/Model!$G$23 -> -1.7463399 | L61: =SUM(Model!N561, Model!N565)/Model!$G$23 -> -1.7083176 | M61: =SUM(Model!O561, Model!O565)/Model!$G$23 -> -1.6688446 | N61: =SUM(Model!P561, Model!P565)/Model!$G$23 -> -1.6278657 | ... S61: =SUM(Model!U561, Model!U565)/Model!$G$23 -> 0 | W61: =SUMIFS(F61:T61, F$4:T$4, W$4) -> -16.560372
C62: Net Debt | G62: =SUM(Model!I557, , Model!I558, Model!I562, Model!I563, Model!I564, Model!I566)/Model!$G$23 -> 32.164316 | H62: =SUM(Model!J557, , Model!J558, Model!J562, Model!J563, Model!J564, Model!J566)/Model!$G$23 -> 15.756015 | I62: =SUM(Model!K557, , Model!K558, Model!K562, Model!K563, Model!K564, Model!K566)/Model!$G$23 -> -0.92471585 | J62: =SUM(Model!L557, , Model!L558, Model!L562, Model!L563, Model!L564, Model!L566)/Model!$G$23 -> -0.95999496 | K62: =SUM(Model!M557, , Model!M558, Model!M562, Model!M563, Model!M564, Model!M566)/Model!$G$23 -> -0.99662 | L62: =SUM(Model!N557, , Model!N558, Model!N562, Model!N563, Model!N564, Model!N566)/Model!$G$23 -> -1.0346423 | M62: =SUM(Model!O557, , Model!O558, Model!O562, Model!O563, Model!O564, Model!O566)/Model!$G$23 -> -1.0741153 | N62: =SUM(Model!P557, , Model!P558, Model!P562, Model!P563, Model!P564, Model!P566)/Model!$G$23 -> -1.1150942 | ... S62: =SUM(Model!U557, , Model!U558, Model!U562, Model!U563, Model!U564, Model!U566)/Model!$G$23 -> 0 | W62: =SUMIFS(F62:T62, F$4:T$4, W$4) -> -0.98714013
C63: Contributed Equity | G63: =Model!I556/Model!$G$23 -> 21.153003 | H63: =Model!J556/Model!$G$23 -> 0 | I63: =Model!K556/Model!$G$23 -> 0 | J63: =Model!L556/Model!$G$23 -> 0 | K63: =Model!M556/Model!$G$23 -> 0 | L63: =Model!N556/Model!$G$23 -> 0 | M63: =Model!O556/Model!$G$23 -> 0 | N63: =Model!P556/Model!$G$23 -> 0 | ... S63: =Model!U556/Model!$G$23 -> 0 | W63: =SUMIFS(F63:T63, F$4:T$4, W$4) -> 21.153003
C64: Sale of Property (Net of Costs) | G64: =SUM(Model!I567, Model!I568)/Model!$G$23 -> 0 | H64: =SUM(Model!J567, Model!J568)/Model!$G$23 -> 0 | I64: =SUM(Model!K567, Model!K568)/Model!$G$23 -> 0 | J64: =SUM(Model!L567, Model!L568)/Model!$G$23 -> 0 | K64: =SUM(Model!M567, Model!M568)/Model!$G$23 -> 0 | L64: =SUM(Model!N567, Model!N568)/Model!$G$23 -> 0 | M64: =SUM(Model!O567, Model!O568)/Model!$G$23 -> 0 | N64: =SUM(Model!P567, Model!P568)/Model!$G$23 -> 0 | ... S64: =SUM(Model!U567, Model!U568)/Model!$G$23 -> 0 | W64: =SUMIFS(F64:T64, F$4:T$4, W$4) -> 67.360042
C66: Total Investing & Financing Cash Flows | G66: =Model!I571/Model!$G$23 -> 6.6543934 | H66: =Model!J571/Model!$G$23 -> -8.0258734 | I66: =Model!K571/Model!$G$23 -> -2.7429599 | J66: =Model!L571/Model!$G$23 -> -2.7429599 | K66: =Model!M571/Model!$G$23 -> -2.7429599 | L66: =Model!N571/Model!$G$23 -> -2.7429599 | M66: =Model!O571/Model!$G$23 -> -2.7429599 | N66: =Model!P571/Model!$G$23 -> -2.7429599 | ... S66: =Model!U571/Model!$G$23 -> 0 | W66: =SUMIFS(F66:T66, F$4:T$4, W$4) -> -55.464006
C68: Net Cash Flows to Project | G68: =Model!I573/Model!$G$23 -> 6.6543934 | H68: =Model!J573/Model!$G$23 -> -5.0315428 | I68: =Model!K573/Model!$G$23 -> 3.3852456 | J68: =Model!L573/Model!$G$23 -> 3.4876432 | K68: =Model!M573/Model!$G$23 -> 3.6122552 | L68: =Model!N573/Model!$G$23 -> 3.7393595 | M68: =Model!O573/Model!$G$23 -> 3.8904068 | N68: =Model!P573/Model!$G$23 -> 4.0012452 | ... S68: =Model!U573/Model!$G$23 -> 0 | W68: =SUMIFS(F68:T68, F$4:T$4, W$4) -> 3.5825565e-11
C70: Net Cash Flows to Equity | G70: =Model!I575/Model!$G$23 -> -14.498609 | H70: =Model!J575/Model!$G$23 -> -5.0315428 | I70: =Model!K575/Model!$G$23 -> 3.3852456 | J70: =Model!L575/Model!$G$23 -> 3.4876432 | K70: =Model!M575/Model!$G$23 -> 3.6122552 | L70: =Model!N575/Model!$G$23 -> 3.7393595 | M70: =Model!O575/Model!$G$23 -> 3.8904068 | N70: =Model!P575/Model!$G$23 -> 4.0012452 | ... S70: =Model!U575/Model!$G$23 -> 0 | W70: =SUMIFS(F70:T70, F$4:T$4, W$4) -> 37.913036
C73: Math Check | G73: =(G23-SUM(G18:G22))+(G31-SUM(G26:G30))+(G33-(G23+G31))+(G44-SUM(G36:G43))+(G54-SUM(G47:G53))+(G56-(G33+G44+G54))+(G66-SUM(G59:G65))+(G68-(G56+G66)) -> 5.3290705e-15 | H73: =(H23-SUM(H18:H22))+(H31-SUM(H26:H30))+(H33-(H23+H31))+(H44-SUM(H36:H43))+(H54-SUM(H47:H53))+(H56-(H33+H44+H54))+(H66-SUM(H59:H65))+(H68-(H56+H66)) -> -2.9976022e-15 | I73: =(I23-SUM(I18:I22))+(I31-SUM(I26:I30))+(I33-(I23+I31))+(I44-SUM(I36:I43))+(I54-SUM(I47:I53))+(I56-(I33+I44+I54))+(I66-SUM(I59:I65))+(I68-(I56+I66)) -> -3.1086245e-15 | J73: =(J23-SUM(J18:J22))+(J31-SUM(J26:J30))+(J33-(J23+J31))+(J44-SUM(J36:J43))+(J54-SUM(J47:J53))+(J56-(J33+J44+J54))+(J66-SUM(J59:J65))+(J68-(J56+J66)) -> -3.5527137e-15 | K73: =(K23-SUM(K18:K22))+(K31-SUM(K26:K30))+(K33-(K23+K31))+(K44-SUM(K36:K43))+(K54-SUM(K47:K53))+(K56-(K33+K44+K54))+(K66-SUM(K59:K65))+(K68-(K56+K66)) -> 0 | L73: =(L23-SUM(L18:L22))+(L31-SUM(L26:L30))+(L33-(L23+L31))+(L44-SUM(L36:L43))+(L54-SUM(L47:L53))+(L56-(L33+L44+L54))+(L66-SUM(L59:L65))+(L68-(L56+L66)) -> 0 | M73: =(M23-SUM(M18:M22))+(M31-SUM(M26:M30))+(M33-(M23+M31))+(M44-SUM(M36:M43))+(M54-SUM(M47:M53))+(M56-(M33+M44+M54))+(M66-SUM(M59:M65))+(M68-(M56+M66)) -> -1.110223e-15 | N73: =(N23-SUM(N18:N22))+(N31-SUM(N26:N30))+(N33-(N23+N31))+(N44-SUM(N36:N43))+(N54-SUM(N47:N53))+(N56-(N33+N44+N54))+(N66-SUM(N59:N65))+(N68-(N56+N66)) -> 1.3322676e-15 | ... S73: =(S23-SUM(S18:S22))+(S31-SUM(S26:S30))+(S33-(S23+S31))+(S44-SUM(S36:S43))+(S54-SUM(S47:S53))+(S56-(S33+S44+S54))+(S66-SUM(S59:S65))+(S68-(S56+S66)) -> 0 | W73: =(W23-SUM(W18:W22))+(W31-SUM(W26:W30))+(W33-(W23+W31))+(W44-SUM(W36:W43))+(W54-SUM(W47:W53))+(W56-(W33+W44+W54))+(W66-SUM(W59:W65))+(W68-(W56+W66)) -> -59.066038
C75: Graphs Data:
C76: Other Expenses | G76: =SUM(G41, G42, G54) -> 0 | H76: =SUM(H41, H42, H54) -> -1.1966761 | I76: =SUM(I41, I42, I54) -> -2.4448719 | J76: =SUM(J41, J42, J54) -> -2.4900437 | K76: =SUM(K41, K42, K54) -> -2.5398445 | L76: =SUM(L41, L42, L54) -> -2.5906414 | M76: =SUM(M41, M42, M54) -> -2.6464079 | N76: =SUM(N41, N42, N54) -> -2.6953033 | ... S76: =SUM(S41, S42, S54) -> 0
C77: NOI Margin % | G77: =IFERROR(G56/G23, 0) -> 0 | H77: =IFERROR(H56/H23, 0) -> 0.2562418 | I77: =IFERROR(I56/I23, 0) -> 0.2563688 | J77: =IFERROR(J56/J23, 0) -> 0.2562418 | K77: =IFERROR(K56/K23, 0) -> 0.2562418 | L77: =IFERROR(L56/L23, 0) -> 0.2562418 | M77: =IFERROR(M56/M23, 0) -> 0.2563688 | N77: =IFERROR(N56/N23, 0) -> 0.2562418 | ... S77: =IFERROR(S56/S23, 0) -> 0

Sheet Graphs

Sheet Model >

Sheet Model
A1: =$G$11 -> ABC Hotel
B2: Inputs & Calculations
B4: General
F6: Input Units | G6: Input
D9: General Subject Property Data
D11: Property Name | F11: Name | G11: ABC Hotel
D12: # Keys | F12: # | G12: 300
D13: Property Usable SF | F13: # SF | G13: =G12*1000 -> 300000
D17: Model Inputs
D19: Model Start Date | F19: Date | G19: 43100
D20: Equity Contribution | F20: Date | G20: =G19 -> 43100
D21: Land Acquisition Date | F21: Date | G21: =G19 -> 43100
D22: Model End Date (Asset Sale) | F22: Date | G22: =DATE(YEAR(G19)+10, MONTH(G19), DAY(G19)) -> 46752
D23: Proforma $'s Stated In | F23: $ | G23: 1000000
D24: Period Months | F24: # Months | G24: 12
D25: Active Scenario | F25: Name | G25: Base
B28: Sources & Uses of Funds
F30: $ Total | G30: % Total
D33: Sources of Funds:
D35: Debt | F35: =SUM(G115) -> 49357006 | G35: =F35/$F$38 -> 0.7
D36: Contributed Equity | F36: =-F46-F35 -> 21153003 | G36: =F36/$F$38 -> 0.3
D38: Total Sources | F38: =SUM(F34:F37) -> 70510009 | G38: =F38/$F$38 -> 1
D40: Uses of Funds:
D42: Land Acquisition Costs | F42: =G60 -> -1560000 | G42: =F42/$F$46 -> 0.022124518
D43: Construction Costs | F43: =K102 -> -67962869 | G43: =F43/$F$46 -> 0.96387548
D44: Loan Issuance Fees | F44: =SUM(G125, G143) -> -987140.13 | G44: =F44/$F$46 -> 0.014
D46: Total Uses | F46: =SUM(F41:F45) -> -70510009 | G46: =F46/$F$46 -> 1
B49: Land Acquisition Cost
F51: Input Units | G51: Input
D54: Closing Costs % | F54: % Land Price | G54: 0.04
D56: Site Acres | F56: # Acres | G56: 3
D57: Price Per Acre | F57: $ / Acre | G57: -500000
D58: Land Price | F58: $ | G58: =G56*G57 -> -1500000
D59: Closing Costs | F59: $ | G59: =G58*G54 -> -60000
D60: Total Land Acquisition Cost | F60: $ | G60: =SUM(G58, G59) -> -1560000
B63: Construction Cost Budget
G66: Inputs
F67: Input Units | G67: Base | I67: High | J67: Low | K67: $ Total | L67: $ / SF | M67: $ / Key | N67: % Total
D70: Hard Costs (HC):
D72: Sitework | F72: $ / Key | G72: -20000 | I72: -19000 | J72: -21000 | K72: =INDEX($G72:$J72,0,MATCH($G$25,$G$67:$J$67,0))*$G$12 -> -6000000 | L72: =K72/$G$13 -> -20 | M72: =K72/$G$12 -> -20000 | N72: =K72/$K$100 -> 0.087019568
D73: Vertical Structure | F73: $ / Key | G73: -150000 | I73: -142500 | J73: -157500 | K73: =INDEX($G73:$J73,0,MATCH($G$25,$G$67:$J$67,0))*$G$12 -> -45000000 | L73: =K73/$G$13 -> -150 | M73: =K73/$G$12 -> -150000 | N73: =K73/$K$100 -> 0.65264676
D75: Total Hard Costs | K75: =SUM(K71:K74) -> -51000000 | L75: =K75/$G$13 -> -170 | M75: =K75/$G$12 -> -170000 | N75: =K75/$K$100 -> 0.73966633
D77: Soft Costs (SC):
D79: Construction Overhead | F79: % Hard Costs | G79: 0.02 | I79: 0.02 | J79: 0.02 | K79: =INDEX($G79:$J79,0,MATCH($G$25,$G$67:$J$67,0))*K75 -> -1020000 | L79: =K79/$G$13 -> -3.4 | M79: =K79/$G$12 -> -3400 | N79: =K79/$K$100 -> 0.014793327
D80: Impact Fees | F80: $ / Key | G80: -2500 | I80: -2375 | J80: -2625 | K80: =INDEX($G80:$J80,0,MATCH($G$25,$G$67:$J$67,0))*$G$12 -> -750000 | L80: =K80/$G$13 -> -2.5 | M80: =K80/$G$12 -> -2500 | N80: =K80/$K$100 -> 0.010877446
D81: Permits | F81: $ / Key | G81: -2500 | I81: -2375 | J81: -2625 | K81: =INDEX($G81:$J81,0,MATCH($G$25,$G$67:$J$67,0))*$G$12 -> -750000 | L81: =K81/$G$13 -> -2.5 | M81: =K81/$G$12 -> -2500 | N81: =K81/$K$100 -> 0.010877446
D82: Architect Fee | F82: $ / Key | G82: -1000 | I82: -950 | J82: -1050 | K82: =INDEX($G82:$J82,0,MATCH($G$25,$G$67:$J$67,0))*$G$12 -> -300000 | L82: =K82/$G$13 -> -1 | M82: =K82/$G$12 -> -1000 | N82: =K82/$K$100 -> 0.0043509784
D83: Taxes | F83: $ / Key | G83: -1000 | I83: -950 | J83: -1050 | K83: =INDEX($G83:$J83,0,MATCH($G$25,$G$67:$J$67,0))*$G$12 -> -300000 | L83: =K83/$G$13 -> -1 | M83: =K83/$G$12 -> -1000 | N83: =K83/$K$100 -> 0.0043509784
D84: Insurance | F84: $ / Key | G84: -2000 | I84: -1900 | J84: -2100 | K84: =INDEX($G84:$J84,0,MATCH($G$25,$G$67:$J$67,0))*$G$12 -> -600000 | L84: =K84/$G$13 -> -2 | M84: =K84/$G$12 -> -2000 | N84: =K84/$K$100 -> 0.0087019568
D85: Legal | F85: $ / Key | G85: -2000 | I85: -1900 | J85: -2100 | K85: =INDEX($G85:$J85,0,MATCH($G$25,$G$67:$J$67,0))*$G$12 -> -600000 | L85: =K85/$G$13 -> -2 | M85: =K85/$G$12 -> -2000 | N85: =K85/$K$100 -> 0.0087019568
D86: FF&E | F86: $ / Key | G86: -20000 | I86: -19000 | J86: -21000 | K86: =INDEX($G86:$J86,0,MATCH($G$25,$G$67:$J$67,0))*$G$12 -> -6000000 | L86: =K86/$G$13 -> -20 | M86: =K86/$G$12 -> -20000 | N86: =K86/$K$100 -> 0.087019568
D87: Inspections and Testing | F87: $ / Key | G87: -2000 | I87: -1900 | J87: -2100 | K87: =INDEX($G87:$J87,0,MATCH($G$25,$G$67:$J$67,0))*$G$12 -> -600000 | L87: =K87/$G$13 -> -2 | M87: =K87/$G$12 -> -2000 | N87: =K87/$K$100 -> 0.0087019568
D88: Franchise Fee | F88: $ / Key | G88: -500 | I88: -475 | J88: -525 | K88: =INDEX($G88:$J88,0,MATCH($G$25,$G$67:$J$67,0))*$G$12 -> -150000 | L88: =K88/$G$13 -> -0.5 | M88: =K88/$G$12 -> -500 | N88: =K88/$K$100 -> 0.0021754892
D89: Pre-Opening | F89: $ | G89: -300000 | I89: -285000 | J89: -315000 | K89: =INDEX($G89:$J89,0,MATCH($G$25,$G$67:$J$67,0)) -> -300000 | L89: =K89/$G$13 -> -1 | M89: =K89/$G$12 -> -1000 | N89: =K89/$K$100 -> 0.0043509784
D90: Other | F90: $ / Key | G90: -1000 | I90: -950 | J90: -1050 | K90: =INDEX($G90:$J90,0,MATCH($G$25,$G$67:$J$67,0))*$G$12 -> -300000 | L90: =K90/$G$13 -> -1 | M90: =K90/$G$12 -> -1000 | N90: =K90/$K$100 -> 0.0043509784
D92: Total Soft Costs* | K92: =SUM(K78:K91) -> -11670000 | L92: =K92/$G$13 -> -38.9 | M92: =K92/$G$12 -> -38900 | N92: =K92/$K$100 -> 0.16925306
D94: Total Hard and Soft Costs | K94: =SUM(K75, K92) -> -62670000 | L94: =K94/$G$13 -> -208.9 | M94: =K94/$G$12 -> -208900 | N94: =K94/$K$100 -> 0.90891939
D96: Construction Loan Interest | F96: $ | G96: =$G$123 -> -2159369 | I96: =$G$123 -> -2159369 | J96: =$G$123 -> -2159369 | K96: =INDEX($G96:$J96,0,MATCH($G$25,$G$67:$J$67,0)) -> -2159369 | L96: =K96/$G$13 -> -7.1978968 | M96: =K96/$G$12 -> -7197.8968 | N96: =K96/$K$100 -> 0.031317893
D97: Loan Issuance Fees | F97: $ | G97: =SUM($G$125, $G$143) -> -987140.13 | I97: =SUM($G$125, $G$143) -> -987140.13 | J97: =SUM($G$125, $G$143) -> -987140.13 | K97: =INDEX($G97:$J97,0,MATCH($G$25,$G$67:$J$67,0)) -> -987140.13 | L97: =K97/$G$13 -> -3.2904671 | M97: =K97/$G$12 -> -3290.4671 | N97: =K97/$K$100 -> 0.014316751
D98: Contingency | F98: % HC + SC | G98: 0.05 | I98: 0.05 | J98: 0.05 | K98: =INDEX($G98:$J98,0,MATCH($G$25,$G$67:$J$67,0))*K94 -> -3133500 | L98: =K98/$G$13 -> -10.445 | M98: =K98/$G$12 -> -10445 | N98: =K98/$K$100 -> 0.045445969
D100: Total Construction Costs | K100: =K94+SUM(K95:K99) -> -68950009 | L100: =K100/$G$13 -> -229.83336 | M100: =K100/$G$12 -> -229833.36 | N100: =K100/$K$100 -> 1
D102: Total Costs Excluding Loan Issuance Fees | K102: =K100-K97 -> -67962869 | L102: =K102/$G$13 -> -226.5429 | M102: =K102/$G$12 -> -226542.9 | N102: =K102/$K$100 -> 0.98568325
D104: Total Costs Excluding Loan Issuance Fees and Interest | K104: =K100-K96-K97 -> -65803500 | L104: =K104/$G$13 -> -219.345 | M104: =K104/$G$12 -> -219345 | N104: =K104/$K$100 -> 0.95436536
B107: Debt
F109: Input Units | G109: Input
D112: Construction Loan (Interest Only)
D114: Loan-to-Cost Ratio (LTC) | F114: % Constr. Cost | G114: 0.7
D115: Loan Amount | F115: $ | G115: =G114*-SUM(G60, K100) -> 49357006
D116: Base Interest Rate | F116: 1-month LIBOR | G116: 0.0125
D117: Plus | F117: % Per Year | G117: 0.025
D118: Adjusted Interest Rate | F118: % / Year | G118: =SUM(G116, G117) -> 0.0375
D119: Payments Per Year | F119: # Per Year | G119: 12
D120: Issuance Date | F120: Date | G120: =SUM(H436:V436) -> 43100
D121: Maturity Date | F121: Date | G121: =SUM(H439:V439) -> 43647.5
D122: Years Until Maturity | F122: # Years | G122: =SUM(H437:V437) -> 1.5
D123: Cumulative Loan Interest | F123: $ | G123: =-SUM(H481:V481) -> -2159369
D124: Loan Issuance Fee | F124: % Loan Amount | G124: -0.015
D125: Loan Issuance Costs | F125: $ | G125: =G115*G124 -> -740355.1
D129: Permanent Loan
D131: Loan-to-Cost Ratio (LTC) | F131: % Constr. Cost | G131: 0.7
D132: Loan Amount | F132: $ | G132: =G131*-SUM(K100, G60) -> 49357006
D133: Interest Rate | F133: % Per Year | G133: 0.0375
D134: Payments Per Year | F134: # Per Year | G134: 12
D135: Issuance Date | F135: Date | G135: =SUM(H444:V444) -> 43647.5
D136: Maturity Date | F136: Date | G136: =DATE(YEAR(G135)+G137, MONTH(G135), DAY(G135)) -> 47300
D137: Years Until Maturity | F137: # Years | G137: 10
D138: Years Until Payoff | F138: # Years | G138: =ROUND((G22-G135)/365.25, 2) -> 8.5
D139: Amortization Periods | F139: # Years | G139: 30
D140: Annual Amortization Payment | F140: $ | G140: =PMT(G133/G134, G139*G134, -G132)*12 -> 2742959.9
D141: Cumulative Loan Interest | F141: $ | G141: =CUMIPMT(G133/G134, G139*G134, G132, 1, G138*G134, 0) -> -14401003
D142: Loan Issuance Fee | F142: % Loan Amount | G142: -0.005
D143: Loan Issuance Costs | F143: $ | G143: =G132*G142 -> -246785.03
D144: Cumulative Interest Cross-Check /w Proforma | G144: =-SUM(H492:V492)-G141 -> 0
B147: Scenario Inputs - Asset Sale
F149: Input Units | G149: Input
D152: Sales Proceeds (NOI Cap Rate)
D154: Base | F154: % Market Value | G154: 0.1
D155: High | F155: % Market Value | G155: 0.09
D156: Low | F156: % Market Value | G156: 0.11
D158: Active Scenario | G158: =INDEX(G153:G157,MATCH($G$25,$D153:$D157,0)) -> 0.1
...
